 Dungeon Crawl Stone Soup version 0.19-a0-1803-g97ff39f (webtiles) character file.

216458 Promi the Severer (level 19, -7/153 HPs)
             Began as a Human Berserker on Oct 5, 2016.
             Was a High Priest of Trog.
             Mangled by an entropy weaver (14 damage)
             ... on level 4 of the Spider Nest.
             The game lasted 02:27:13 (40967 turns).

Promi the Severer (Human Berserker)                Turns: 40967, Time: 02:27:15

Health: -7/153     AC:  3    Str: 24    XL:     19   Next: 79%
Magic:  19/19      EV: 18    Int:  9    God:    Trog [*****.]
Gold:   1483       SH:  4    Dex: 13    Spells: 0 memorised, 18 levels left

rFire  + + .     SeeInvis +     z - +2 executioner's axe of Human's Curse {freeze, SInv}
rCold  . . .     Gourm    .     h - +1 fire dragon armour of Okawaru's Condemnation {rElec rF++ rC-}
rNeg   . . .     Faith    .     (shield currently unavailable)
rPois  +         Spirit   .     i - +2 helmet
rElec  +         Dismiss  .     v - +1 cloak {MR+}
rCorr  .         Reflect  +     J - +2 pair of gloves
MR     ++...     Harm     .     p - +2 pair of boots {run}
Stlth  ..........               B - +4 amulet of reflection
                                y - ring of poison resistance
                                O - ring of protection from cold

@: exhausted, corroded, slowed, very slow
A: no striking features
a: Berserk, Trog's Hand, Brothers in Arms, Burn Spellbooks, Renounce Religion
}: 1/15 runes: decaying


You were on level 4 of the Spider Nest.
You worshipped Trog.
Trog was extremely pleased with you.
You were not hungry.

You visited 5 branches of the dungeon, and saw 30 of its levels.
You also visited: Labyrinth, Ice Cave and Volcano.

You collected 3496 gold pieces.
You spent 2013 gold pieces at shops.

Inventory:

Hand Weapons
 b - the +6 broad axe of Blind Justice {freeze, rC+}
   (You acquired it on level 5 of the Dungeon)

   It has been specially enchanted to freeze those struck by it, causing extra
   injury to most foes and up to half again as much damage against particularly
   susceptible opponents.
   It can also slow down cold-blooded creatures.
   It protects you from cold.
 z - the +2 executioner's axe of Human's Curse (weapon) {freeze, SInv}
   (Trog gifted it to you on level 1 of the Orcish Mines)

   It has been specially enchanted to freeze those struck by it, causing extra
   injury to most foes and up to half again as much damage against particularly
   susceptible opponents.
   It can also slow down cold-blooded creatures.
   It lets you see invisible.
 A - a +3 broad axe of flaming
Armour
 h - the +1 fire dragon armour of Okawaru's Condemnation (worn) {rElec rF++ rC-}
   (You bought it in a shop on level 6 of the Dungeon)

   It greatly protects you from fire.
   It makes you vulnerable to cold.
   It insulates you from electricity.
 i - a +2 helmet (worn)
 p - a +2 pair of boots of running (worn)
 q - the +5 ring mail of the Sun {rN+ Int+5}
   (You found it on level 6 of the Lair of Beasts)

   It affects your intelligence (+5).
   It protects you from negative energy.
 v - a +1 cloak of magic resistance (worn)
 H - a +2 shield of protection
 J - a +2 pair of gloves (worn)
 T - a +3 scale mail of magic resistance
Jewellery
 f - a +5 ring of dexterity
 m - a +2 ring of protection {unknown}
 u - an uncursed amulet of regeneration {unknown}
 y - a ring of poison resistance (right hand)
 B - a +4 amulet of reflection (around neck)
 C - an uncursed ring of positive energy
 D - a +3 ring of strength
 E - an uncursed amulet of faith {unknown}
 N - an uncursed ring of ice
 O - a ring of protection from cold (left hand)
Scrolls
 d - 17 scrolls of identify
 e - 4 scrolls of fear
 j - 12 scrolls of remove curse
 n - 2 scrolls of recharging
 r - 6 scrolls of teleportation
 w - a scroll of magic mapping
 R - a scroll of enchant weapon
 S - a scroll of enchant armour
Potions
 a - 6 potions of agility
 k - a potion of ambrosia
 l - a potion of beneficial mutation {unknown}
 s - 3 potions of might
 t - 4 potions of cure mutation
 x - 7 potions of curing
 G - 2 potions of flight
 I - a potion of invisibility {unknown}
 M - 4 potions of haste
Books
 F - a book of Unlife

   Spells                             Type                      Level
   a - Recall                         Summoning/Translocation      3
   b - Animate Dead                   Necromancy                   4
   c - Control Undead                 Necromancy                   4
   d - Cigotuvi's Embrace             Necromancy                   5
   e - Death Channel                  Necromancy                   6
   f - Simulacrum                     Ice/Necromancy               6
   Trog disapproves of the use of such an item.
 Q - a book of Debilitation

   Spells                             Type                      Level
   a - Corona                         Hexes                        1
   b - Slow                           Hexes                        2
   c - Gell's Gravitas                Hexes/Translocation          3
   d - Inner Flame                    Hexes/Fire                   3
   e - Cause Fear                     Hexes                        4
   f - Leda's Liquefaction            Hexes/Earth                  4
   Trog disapproves of the use of such an item.
Comestibles
 c - 12 bread rations
 g - 11 meat rations
 o - 28 fruits
 K - 7 beef jerkies
 P - 2 slices of pizza
 U - a royal jelly


   Skills:
 + Level 14.4 Fighting
 + Level 15.6 Axes
 + Level 14.5 Armour
 + Level 14.7 Dodging
 - Level 15.0 Shields


You had 18 spell levels left.
You didn't know any spells.

Dungeon Overview and Level Annotations

Branches:
Dungeon (14/15)            Temple (0/1) D:5            Lair (6/6) D:11
  Swamp (4/4) Lair:2       Spider (4/4) Lair:2        Slime (0/5) Lair:6
    Orc (2/2) D:9             Elf (0/3) Orc:2
 Vaults: D:13-14

Altars:
Cheibriados
Fedhas
Okawaru
Ru
Trog
Zin
Beogh

Shops:
D:6 [   D:7 =   D:8 *   D:12 ?((   Orc:2 *![}[


Message History

The entropy weaver misses you. The entropy weaver hits you.
* * * LOW HITPOINT WARNING * * *
You are too berserk!
You are too berserk!
You feel a strong urge to attack something.
You feel your anger subside.
You are no longer berserk.
You are exhausted.
You feel yourself slow down.
You feel much better. The entropy weaver hits you!
* * * LOW HITPOINT WARNING * * *
The entropy weaver misses you. The entropy weaver hits you!
* * * LOW HITPOINT WARNING * * *
The entropy weaver closely misses you.
Your troll goes berserk!
You feel somewhat more hungry. The entropy weaver hits you.
* * * LOW HITPOINT WARNING * * *
The entropy weaver hits you.
* * * LOW HITPOINT WARNING * * *
The entropy weaver hits you!
You die...

#..^#.........###...#
#...##.......#..#..####
#....#.^......^.......#
#...^####^.^..........#
#.......####.#........#
#...<^.....####........
#............^#........
#.....T.......##.......
#.....@........#.^.....
#.^...a.......^###.^...
#.........^....###.....
#......†.......#.......
#^............^#......#
#....^†#.......##.^..##
#.$...^#..#.†.†....###
#...)..####...<.....#
#....#. #........^##


You could see an entropy weaver and a friendly troll (berserk).

Vanquished Creatures
  Kirke (Spider:4)
  4 thorn hunters
  Agnes (Spider:2)
  Donald (Swamp:2)
  A frost giant (IceCv)
  An orc warlord (Orc:2)
  Aizul (Lair:2)
  A ghost moth (Spider:4)
  An emperor scorpion (Spider:3)
  4 entropy weavers
  Azrael (Spider:1)
  Snorg (Lair:6)
  A minotaur (Lab)
  Josephine (Spider:1)
  Fannar (D:10)
  17 hydras
  2 centaur warriors
  6 ghost crabs
  8 alligators
  5 orc high priests (Orc:2)
  2 unseen horrors
  11 swamp dragons
  2 hill giants
  5 orc knights
  8 shambling mangroves
  2 orc sorcerers
  19 wolf spiders
  2 oklob plants
  17 orb spiders
  3 deep elf magi (Volcano)
  2 cyclopes
  A manticore (D:13)
  2 ugly things (D:13)
  13 elephants
  A moth of wrath (Spider:4)
  10 black mambas
  An ice statue (IceCv)
  A torpor snail (Lair:3)
  A guardian serpent (Lair:6)
  A centaur skeleton (D:12)
  28 spiny frogs
  3 rime drakes
  The ghost of Banto the Slasher, a novice HESk (D:4)
  11 komodo dragons
  10 demonic crawlers
  5 trolls
  5 tyrant leeches
  12 polar bears
  29 jumping spiders
  2 two-headed ogres
  20 hornets
  10 hippogriffs
  10 slime creatures
  Grinder (D:3)
  9 bog bodies
  2 dream sheep (Lair:3)
  24 blink frogs
  A meliai zombie (D:10)
  97 redbacks
  5 wyverns
  2 spriggans (Swamp:4)
  Sigmund (D:3)
  A tarantella (shapeshifter) (D:13)
  47 yaks
  2 vampires
  4 fire elementals
  2 hogs (Spider:4)
  45 tarantellas
  2 basilisks
  4 wraiths
  23 vampire mosquitoes
  A hungry ghost (D:8)
  A steam dragon (D:12)
  Edmund (D:4)
  A mottled dragon (D:10)
  A warg (Orc:2)
  5 hell hounds
  11 insubstantial wisps (Swamp:2)
  22 swamp worms
  25 water moccasins
  2 ice beasts
  12 swamp drakes
  6 porcupines
  A black bear (D:6)
  32 orc warriors
  2 phantoms
  A sky beast (D:5)
  An eye of draining (D:11)
  17 ogres
  8 centaurs
  8 wolves (IceCv)
  12 crocodiles
  The ghost of mushki the Firebug, an amateur HEFE (D:3)
  A big kobold (D:8)
  12 bullfrogs
  A wyvern zombie (D:11)
  7 scorpions
  23 killer bees
  An electric eel (Spider:3)
  14 wights
  4 howler monkeys
  A centaur zombie (D:6)
  7 hounds
  A quasit (D:9)
  11 crimson imps
  7 jellies
  Crazy Yiuf (D:3)
  A bullfrog skeleton (D:7)
  29 orc priests
  17 iguanas
  12 orc wizards
  10 worker ants
  A hound zombie (D:7)
  A howler monkey zombie (D:11)
  A worker ant zombie (D:5)
  7 gnolls
  78 river rats
  22 adders
  4 shadow imps
  4 oozes
  An adder zombie (D:10)
  2 adder skeletons
  3 worms
  2 dart slugs
  5 leopard geckos
  91 orcs
  A ball python (D:2)
  3 giant cockroaches
  10 goblins
  6 hobgoblins
  12 jackals
  3 quokkas
  7 bats
  4 frilled lizards
  A jackal zombie (D:5)
  18 kobolds
  11 rats
  4 briar patches (Swamp:4)
  A bush (Lair:1)
  9 fungi
  7 plants
1231 creatures vanquished.

Vanquished Creatures (collateral kills)
  Arachne (Spider:2)
  Jorgrun (Spider:2)
  An entropy weaver (Spider:2)
  A spark wasp (Spider:4)
  2 hydras
  A ghost crab (Swamp:4)
  4 wolf spiders
  3 orb spiders (Spider:4)
  A black mamba (Lair:6)
  A rime drake (Lair:6)
  A jumping spider (Spider:2)
  A hornet (Swamp:4)
  A redback (Spider:2)
  A wyvern (Lair:6)
  3 fire elementals (Spider:1)
  3 wargs (Orc:2)
  2 water moccasins
  4 orc warriors (Orc:2)
  2 ogres
  A crocodile (Lair:6)
  A bullfrog skeleton (D:13)
  A worm (Lair:2)
  An orc (Orc:2)
38 creatures vanquished.

Vanquished Creatures (others)
  Nikola (Swamp:1)
  A ghost moth (Spider:4)
  A death yak (IceCv)
  A spriggan druid (Swamp:4)
  A deep elf mage (Volcano)
  A jumping spider (Spider:1)
  4 polar bears (IceCv)
  3 redbacks
  2 yaks (IceCv)
  A human (Spider:4)
  4 wolves (IceCv)
  A river rat (Lair:2)
  30 fungi
  28 plants
79 creatures vanquished.

Grand Total: 1348 creatures vanquished

Notes
Turn   | Place    | Note
-------+----------+-------------------------------------------
     0 | D:1      | Promi the Human Berserker began the quest for the Orb.
     0 | D:1      | Reached XP level 1. HP: 18/18 MP: 1/1
   133 | D:1      | Reached XP level 2. HP: 14/24 MP: 2/2
   470 | D:1      | Reached XP level 3. HP: 29/29 MP: 3/3
   825 | D:2      | Reached XP level 4. HP: 33/37 MP: 4/4
  1024 | D:2      | Reached ** piety under Trog
  1735 | D:2      | Reached XP level 5. HP: 35/42 MP: 5/5
  1951 | D:3      | Noticed Sigmund
  1969 | D:3      | Killed Sigmund
  1969 | D:3      | Reached XP level 6. HP: 49/49 MP: 6/6
  2059 | D:3      | Noticed mushki's ghost (amateur HEFE)
  2074 | D:3      | Killed mushki's ghost
  2074 | D:3      | Reached XP level 7. HP: 27/55 MP: 7/7
  2299 | D:3      | Found a runed door.
  2303 | D:3      | Noticed Crazy Yiuf
  2310 | D:3      | Killed Crazy Yiuf
  2388 | D:3      | Noticed Grinder
  2401 | D:3      | Killed Grinder
  2401 | D:3      | Reached skill level 5 in Fighting
  2644 | D:3      | Gained mutation: You possess an exceptional clarity of mind. [potion of mutation]
  2644 | D:3      | Gained mutation: Your spells are a little easier to cast, but a little less powerful. [potion of mutation]
  2644 | D:3      | Gained mutation: You have sharp toenails. [potion of mutation]
  2648 | D:3      | Lost mutation: You have sharp toenails. [potion of cure mutation]
  2648 | D:3      | Lost mutation: Your spells are a little easier to cast, but a little less powerful. [potion of cure mutation]
  2648 | D:3      | Lost mutation: You possess an exceptional clarity of mind. [potion of cure mutation]
  3031 | D:4      | Noticed Banto's ghost (novice HESk)
  3052 | D:4      | Killed Banto's ghost
  3052 | D:4      | Reached skill level 5 in Axes
  3052 | D:4      | Reached XP level 8. HP: 63/63 MP: 8/8
  3570 | D:4      | Noticed Edmund
  3579 | D:4      | Killed Edmund
  3579 | D:4      | Reached *** piety under Trog
  3579 | D:4      | Reached skill level 5 in Armour
  3579 | D:4      | Reached skill level 5 in Dodging
  4059 | D:5      | Entered Level 5 of the Dungeon
  4069 | D:5      | Noticed a hippogriff
  4325 | D:5      | Reached XP level 9. HP: 69/69 MP: 9/9
  4385 | D:5      | Killed a hippogriff
  4767 | D:5      | Found a staircase to the Ecumenical Temple.
  5161 | D:5      | Identified 2 scrolls of acquirement
  5163 | D:5      | Got a scorched broad axe
  5164 | D:5      | Identified the +6 broad axe of Blind Justice {freeze, rC+} (You acquired it on level 5 of the Dungeon)
  5170 | D:5      | Identified a +2 pair of boots of running (You acquired it on level 5 of the Dungeon)
  5260 | D:6      | Found Nuicrashra's Antique Armour Boutique.
  5818 | D:6      | Found a sacrificial altar of Ru.
  6251 | D:6      | Reached XP level 10. HP: 79/79 MP: 10/10
  6321 | D:7      | Found an iron altar of Okawaru.
  6387 | D:7      | Reached **** piety under Trog
  6590 | D:7      | Found Gebariff's Jewellery Boutique.
  6768 | D:7      | Found a bloodstained altar of Trog.
  6768 | D:7      | Found a snail-covered altar of Cheibriados.
  6978 | D:7      | Got a slimy scale mail
  6989 | D:7      | Identified the cursed +0 scale mail of Kimi {*Slow Str+4 Dex+2 SInv} (You found it on level 7 of the Dungeon)
  7149 | D:8      | Found Zin's Purification Station.
  7149 | D:8      | Found a glowing silver altar of Zin.
  7359 | D:8      | Reached ***** piety under Trog
  7948 | D:9      | Got a pair of faintly humming gloves
  7959 | D:9      | Identified the cursed +0 pair of gloves of True Grit {-Cast +Blink Str+2} (You found it on level 9 of the Dungeon)
  8029 | D:9      | Found a staircase to the Orcish Mines.
  8040 | D:9      | Received a gift from Trog
  8076 | D:9      | Found a roughly hewn altar of Beogh.
  8107 | D:10     | Entered Level 10 of the Dungeon
  8550 | D:10     | Reached XP level 11. HP: 87/87 MP: 11/11
  9307 | D:10     | Noticed Fannar
  9324 | D:10     | Killed Fannar
  9525 | D:11     | Found a staircase to the Lair.
  9997 | D:11     | Noticed a centaur warrior
 10009 | D:11     | Killed a centaur warrior
 10348 | D:12     | Found Kaqueghe's Weapon Emporium.
 10555 | D:12     | Reached XP level 12. HP: 97/97 MP: 12/12
 10863 | D:12     | Killed an unseen horror
 10941 | D:12     | Reached skill level 10 in Axes
 10944 | D:12     | Reached skill level 10 in Fighting
 11074 | D:12     | Reached skill level 10 in Dodging
 11110 | D:12     | Found Ruofigyq's Weapon Shoppe.
 11349 | D:12     | Found Rewk's Magic Scroll Boutique.
 11352 | D:12     | Bought a scroll of teleportation for 45 gold pieces
 11352 | D:12     | Bought a scroll of fog for 30 gold pieces
 11352 | D:12     | Bought a scroll of teleportation for 45 gold pieces
 11680 | D:13     | Reached skill level 10 in Armour
 11771 | D:13     | Noticed a centaur warrior
 11780 | D:13     | Killed a centaur warrior
 11780 | D:13     | Received a gift from Trog
 12324 | D:13     | Got a distressingly furry cloak
 12335 | D:13     | Identified the -5 cloak "Serhioxa" {rElec} (You found it on level 13 of the Dungeon)
 13198 | D:13     | Killed an unseen horror
 13198 | D:13     | Reached XP level 13. HP: 51/105 MP: 13/13
 13471 | Lair:1   | Entered Level 1 of the Lair of Beasts
 13473 | Lair:1   | Found a frozen archway.
 13530 | IceCv    | Entered an ice cave
 14455 | IceCv    | Noticed a frost giant
 14468 | IceCv    | Killed a frost giant
 15300 | Lair:1   | Reached ****** piety under Trog
 15372 | Lair:1   | Received a gift from Trog
 15688 | Lair:1   | Found a blossoming altar of Fedhas.
 16210 | Lair:2   | Reached XP level 14. HP: 60/114 MP: 14/14
 16944 | Lair:2   | Found a staircase to the Swamp.
 17061 | Lair:2   | Found a hole to the Spider Nest.
 17764 | Lair:3   | Received a gift from Trog
 19739 | Lair:5   | Found a dark tunnel.
 19751 | Volcano  | Entered a volcano
 20943 | Lair:5   | Reached XP level 15. HP: 100/122 MP: 15/15
 20959 | Lair:6   | Entered Level 6 of the Lair of Beasts
 20966 | Lair:6   | Reached XP level 16. HP: 129/129 MP: 16/16
 21093 | Lair:6   | Found a staircase to the Slime Pits.
 21462 | Lair:6   | Received a gift from Trog
 21910 | Lair:6   | Noticed Snorg
 22477 | Lair:6   | Killed Snorg
 22634 | Lair:6   | Got a shimmering ring mail
 22665 | Lair:6   | Identified the +5 ring mail of the Sun {rN+ Int+5} (You found it on level 6 of the Lair of Beasts)
 23281 | Lair:6   | Got a pitted short sword {god gift}
 23282 | Lair:6   | Identified the +2 short sword of Ragnarok {freeze, Str+3} (Trog gifted it to you on level 6 of the Lair of Beasts)
 23590 | D:6      | Bought a spiked fire dragon armour for 1320 gold pieces
 23590 | D:6      | Identified the cursed +1 fire dragon armour of Okawaru's Condemnation {rElec rF++ rC-} (You bought it in a shop on level 6 of the Dungeon)
 23749 | Orc:1    | Entered Level 1 of the Orcish Mines
 23961 | Orc:1    | Received a gift from Trog
 23984 | Orc:1    | Got a brightly glowing executioner's axe {god gift}
 23996 | Orc:1    | Identified the +2 executioner's axe of Human's Curse {freeze, SInv} (Trog gifted it to you on level 1 of the Orcish Mines)
 24577 | Orc:2    | Entered Level 2 of the Orcish Mines
 24577 | Orc:2    | Found a staircase to the Elven Halls.
 24820 | Orc:2    | Found a labyrinth entrance.
 24829 | Lab      | Entered a labyrinth
 26120 | Orc:2    | Received a gift from Trog
 26900 | Orc:2    | Received a gift from Trog
 27343 | Orc:2    | Found Eblopha's Antique Armour Emporium.
 27366 | Orc:2    | Found Jaopryre's Distillery.
 27366 | Orc:2    | Found Zuabyre's Assorted Antiques.
 27537 | Orc:2    | Found Wita's Gadget Emporium.
 27547 | Orc:2    | Bought a shiny shield for 112 gold pieces
 27547 | Orc:2    | Bought a runed cloak for 112 gold pieces
 27547 | Orc:2    | Bought a pair of embroidered gloves for 112 gold pieces
 27547 | Orc:2    | Bought a polished chain mail for 237 gold pieces
 27618 | Orc:2    | Identified the +3 chain mail of Siali {MP+9} (You bought it in a shop on level 2 of the Orcish Mines)
 27706 | Orc:2    | Found Sataz's Antique Armour Shoppe.
 28037 | Spider:1 | Entered Level 1 of the Spider Nest
 28044 | Spider:1 | Reached skill level 1 in Shields
 28047 | Spider:1 | Noticed Josephine
 28053 | Spider:1 | Reached XP level 17. HP: 137/137 MP: 17/17
 28068 | Spider:1 | Killed Josephine
 28288 | Spider:1 | Noticed Azrael
 28296 | Spider:1 | Received a gift from Trog
 28302 | Spider:1 | Killed Azrael
 28302 | Spider:1 | Reached skill level 5 in Shields
 28951 | Spider:1 | Noticed Aizul
 29124 | Lair:2   | Killed Aizul
 29643 | Swamp:1  | Entered Level 1 of the Swamp
 29987 | Swamp:1  | Noticed Nikola
 30010 | Swamp:1  | Killed Nikola
 30267 | Swamp:1  | Got an encrusted ring mail
 30286 | Swamp:1  | Identified the +1 ring mail "Kikoiv" {Str+2 SInv} (You found it on level 1 of the Swamp)
 31417 | Swamp:2  | You fall through a shaft!
 31449 | Swamp:3  | Received a gift from Trog
 31892 | Swamp:3  | Noticed a thorn hunter
 31904 | Swamp:3  | Killed a thorn hunter
 31904 | Swamp:3  | Reached skill level 10 in Shields
 32654 | Swamp:2  | Noticed Donald
 32668 | Swamp:2  | Killed Donald
 33025 | Swamp:4  | Entered Level 4 of the Swamp
 33609 | Swamp:4  | Reached XP level 18. HP: 144/144 MP: 18/18
 34565 | Swamp:4  | Received a gift from Trog
 35567 | Swamp:4  | Got a decaying rune of Zot
 35985 | Spider:1 | You fall through a shaft!
 36306 | Spider:2 | Noticed Agnes
 36315 | Spider:2 | Noticed Jorgrun
 36318 | Spider:2 | Killed Agnes
 36335 | Spider:2 | Killed Jorgrun
 36363 | Spider:2 | Reached skill level 15 in Shields
 36404 | Spider:2 | Received a gift from Trog
 36761 | Spider:2 | Reached skill level 15 in Axes
 36798 | Spider:2 | Reached XP level 19. HP: 148/151 MP: 19/19
 37127 | Spider:2 | Noticed Arachne
 37149 | Spider:2 | Killed Arachne
 38874 | Spider:4 | Entered Level 4 of the Spider Nest
 39058 | Spider:4 | Noticed Kirke
 39064 | Spider:4 | Received a gift from Trog
 39076 | Spider:4 | Killed Kirke
 40967 | Spider:4 | HP: 7/153 [entropy weaver (6)]
 40967 | Spider:4 | Mangled by an entropy weaver

Vault maps used:
D:1:      dpeg_arrival_long_road, feat_on_display
D:2:      first_bread
D:3:      minmay_door_path, uniq_crazy_yiuf_cottage, uniq_grinder, uniq_sigmund
D:4:      uniq_edmund
D:5:      hangedman_decor_points
D:6:      serial_shops, nicolae_shop_competitors_out_of_business, minivault_1,
          nicolae_ru_path_of_blood
D:7:      gammafunk_temple_overflow_statue, serial_shops, shop,
          okawaru_ov_weapons_minmay
D:8:      zin_purify
D:9:      okawaru_arena_lexackson, minmay_orc_entry_temple_small
D:10:     serial_glass, glass_columns_a, glass_columns_c, grunt_ogre_cave,
          corexii_leaking_fountain, uniq_fannar
D:11:     kennysheep_big_flooded_room, due_lair_maze_entry_diamond
D:12:     minmay_klotski, serial_shops, nicolae_shop_statue_plus,
          kennysheep_mini_moat, shop
D:14:     david_vaults_3, nrook_loot_triangle, minivault_11, sword_in_stone,
          uniq_sonja, uniq_nessos, uniq_roxanne
Lair:1:   portal_ice_cave_entry_pillars_1, tgw_fedhas, grunt_megastairs_5
Lair:2:   minmay_swamp_entry_swarm, nicolae_spider_entry_non_spiders,
          grunt_forest_large_clearings
Lair:3:   beast_lair_carwin_large_3, grunt_megastairs_4
Lair:4:   lemuel_fruit_fields, grunt_megastairs_3
Lair:5:   lightli_volcano_entry_magma_tube
Lair:6:   hangedman_lair_tendril_chambers, minmay_slime_entry_oklob_enclosed,
          lemuel_fruit_tree, uniq_snorg
Swamp:1:  hangedman_swamp_cone, swamp_pool5, uniq_nikola
Swamp:2:  nicolae_swamp_round_clearing, infiniplex_staircase_pool_2, uniq_donald
Swamp:3:  evilmike_swamp_ruin_house_5
Swamp:4:  swamp_basic_johnstein
Spider:1: uniq_aizul, uniq_josephine, uniq_azrael
Spider:2: spider_trap, uniq_agnes, uniq_jorgrun, uniq_arachne
Spider:4: grunt_spider_rune_parallel, uniq_kirke
Orc:1:    nicolae_orc_lava_tube, nicolae_orc_damp_corner
Orc:2:    st_orc_pillars, lab_entry_generic, serial_shops, shop_statue
IceCv:    ice_cave_caverns_03
Volcano:  volcano_village

Skill      XL: |  1  2  3  4  5  6  7  8  9 10 11 12 13 14 15 16 17 18 19 |
---------------+----------------------------------------------------------+-----
Fighting       | 4 5 6 7 8 9 10 11 12 13 14 | 14.4
Dodging        | 3 4 5 6 8 9 10 11 12 13 14 | 14.7
Axes           | 4 5 6 7 8 9 10 11 13 14 15 | 15.6
Armour         | 3 4 5 6 7 9 10 11 12 13 14 | 14.5
Shields        | 3 11 15 | 15.0

Action                   |  1- 3 |  4- 6 |  7- 9 | 10-12 | 13-15 | 16-18 | 19-21 || total
-------------------------+-------+-------+-------+-------+-------+-------+-------++-------
Melee: Hand axe          |    60 |   138 |   109 |       |       |       |       ||   307
       War axe           |       |       |    92 |       |       |       |       ||    92
       Broad axe         |       |       |    49 |   545 |   634 |  1287 |   339 ||  2854
       Executioner's axe |       |       |       |       |    18 |   203 |    96 ||   317
Throw: Throwing net      |       |       |       |       |       |     1 |       ||     1
Invok: Berserk           |     2 |     4 |    11 |    15 |    15 |    25 |     6 ||    78
       Trog's Hand       |       |       |     1 |       |       |       |       ||     1
       Brothers in Arms  |       |       |       |     1 |     2 |     8 |     7 ||    18
 Abil: Evoke Blink       |       |       |       |     1 |       |       |       ||     1
  Use: Scroll            |       |     6 |     6 |     4 |     9 |     8 |     2 ||    35
       Potion            |       |       |     5 |     7 |     5 |     4 |     3 ||    24
 Stab: Sleeping          |     1 |     1 |       |       |       |       |       ||     2
       Distracted        |       |       |       |       |       |       |     1 ||     1
  Eat: Chunk             |     2 |     8 |    14 |    33 |    27 |    43 |    16 ||   143
       Bread ration      |       |       |     2 |     1 |     2 |     2 |       ||     7
       Beef jerky        |       |       |     1 |       |       |     2 |       ||     3
       Fruit             |       |       |       |     1 |     5 |    20 |     3 ||    29
       Meat ration       |       |       |       |       |       |     1 |     1 ||     2
       Pizza             |       |       |       |       |       |     1 |       ||     1
       Royal jelly       |       |       |       |       |       |     1 |       ||     1
Armor: Animal skin       |    10 |       |       |       |       |       |       ||    10
       Leather armour    |       |    34 |    19 |       |       |       |       ||    53
       Ring mail         |       |       |    67 |    21 |       |       |       ||    88
       Chain mail        |       |       |       |   241 |    92 |    92 |       ||   425
       Scale mail        |       |       |       |       |   154 |       |       ||   154
       Fire dragon armou |       |       |       |       |       |   573 |   307 ||   880
Dodge: Dodged            |    44 |    99 |   196 |   441 |   590 |   968 |   424 ||  2762
Block: Other             |       |       |       |    95 |   125 |    98 |    52 ||   370
       Reflection        |       |       |       |     4 |       |     6 |       ||    10
       Shield            |       |       |       |       |       |  1004 |   450 ||  1454
